 Dungeon Crawl Stone Soup version 0.26.1-11-gd32895ea62 (webtiles) character file.

Game seed: 1511271798213133063

56 Zeld the Twirler (level 3, -7/24 HPs)
             Began as an Octopode Gladiator on May 20, 2021.
             Was an Initiate of Wu Jian.
             Mangled by Natasha (8 damage)
             ... on level 3 of the Dungeon.
             The game lasted 00:01:49 (2388 turns).

Zeld the Twirler (Octopode Gladiator)               Turns: 2388, Time: 00:01:50

Health: -7/24      AC:  1    Str: 13    XL:     3   Next: 97%
Magic:  3/3        EV: 14    Int: 10    God:    Wu Jian [......]
Gold:   68         SH:  0    Dex: 14    Spells: 2/2 levels left

rFire    . . .     SeeInvis .   a - +0 quarterstaff
rCold    . . .     Faith    .   (shield currently unavailable)
rNeg     . . .     Spirit   .   b - +0 hat
rPois    .         Reflect  .   (no amulet)
rElec    .         Harm     .   (no ring)
rCorr    .         Rampage  .   (no ring)
Will     .....                  (no ring)
Stlth    ++........             (no ring)
HPRegen  0.08/turn              (no ring)
MPRegen  0.08/turn              (no ring)
                                (no ring)
                                (no ring)

@: slowed, very slow
A: almost no armour, stealthy swim, amphibious, 8 rings, constrict 8, camouflage
1, gelatinous body 1
a: Renounce Religion


You were on level 3 of the Dungeon.
You worshipped Wu Jian.
Wu Jian was noncommittal.
You visited 1 branch of the dungeon, and saw 3 of its levels.

You collected 68 gold pieces.

Inventory:

Hand Weapons
 a - a +0 quarterstaff (weapon)
Missiles
 c - 2 throwing nets (quivered)
Armour
 b - a +0 hat (worn)
Scrolls
 e - a scroll of identify {unknown}
 f - a scroll of fog {unknown}
 g - a scroll of amnesia {unknown}
 j - a scroll of immolation {unknown}
 k - a scroll of remove curse {unknown}
 l - a scroll of blinking {unknown}
 m - a scroll of enchant weapon {unknown}
 n - a scroll of teleportation {unknown}
 o - a scroll of magic mapping {unknown}
Potions
 d - a potion of cancellation {unknown}
 h - a potion of haste
 i - a potion of ambrosia {unknown}


   Skills:
 - Level 2.0 Fighting
 * Level 4.7 Staves
 - Level 2.0 Throwing
 - Level 3.0 Dodging


You had 2 spell levels left.
You didn't know any spells.
Your spell library was empty.

Dungeon Overview and Level Annotations

Branches:
Dungeon (3/15)

Altars:
Okawaru
Wu Jian

Annotations:
D:3 Natasha


Innate Abilities, Weirdness & Mutations

You cannot wear most types of armour.
You are very stealthy in the water. (Stealth+)
You are amphibious.
You can wear up to eight rings at the same time.
You can use your tentacles to constrict eight enemies at once.
Your skin changes colour to match your surroundings (Stealth+).
Your rubbery body absorbs attacks. (AC +1, EV +1)


Message History

The magic dart hits you!
Natasha stares at you and mumbles some strange words.
The magic dart hits you.
You are too injured to fight recklessly!
You are too injured to fight recklessly!
Natasha is nearby!
Natasha is nearby!
Natasha is nearby!
You are too injured to fight recklessly!
Natasha stares at you and mumbles some strange words.
You feel yourself slow down.
Natasha casts a spell. x2
Natasha casts a spell.
Natasha casts a spell at you. The magic dart hits you!
* * * LOW HITPOINT WARNING * * *
Natasha claws you.
* * * LOW HITPOINT WARNING * * *
Natasha claws you!
You die...

#..#P≈♣♣♣♣≈P...#
#.##P≈♣♣≈≈P†##.#
#.##P≈P≈≈≈)###.# #.#
#.###.PP≈....#.# #.# #.#
#.##...#.#.. #h# #.#
#......#.### #.# #.#
####...#.#
#.###.######...#.#
#.....h@.<##...#.#
#.###5######...#.#
#.###.######...#.#######
#.##.......... #........
#............. #########
#.##..########
#.............
#.#...########
#.#.......# ##


You could see Natasha (fast) and a crimson imp (summoned).

Vanquished Creatures
  An adder (D:2)
  An ooze (D:1)
  A worm (D:2)
  A dart slug (D:1)
  A leopard gecko (D:1)
  4 hobgoblins
  4 jackals (D:1)
  2 quokkas
  A ball python (D:2)
  5 bats
  2 frilled lizards
  8 goblins
  3 kobolds
  A rat (D:1)
35 creatures vanquished.

Notes
Turn   | Place    | Note
-------+----------+-------------------------------------------
     0 | D:1      | Zeld the Octopode Gladiator began the quest for the Orb.
     0 | D:1      | Reached XP level 1. HP: 14/14 MP: 1/1
   149 | D:1      | Reached XP level 2. HP: 19/19 MP: 2/2
   706 | D:1      | Reached skill level 4 in Staves
   831 | D:1      | Reached XP level 3. HP: 24/24 MP: 3/3
  1970 | D:2      | Found an ornate altar of the Wu Jian Council.
  2031 | D:2      | Became a worshipper of the Wu Jian Council
  2177 | D:2      | Found an iron altar of Okawaru.
  2379 | D:3      | Noticed Natasha
  2388 | D:3      | HP: 1/24 [Natasha (4)]
  2388 | D:3      | Mangled by Natasha

Illustrated notes

Levels and vault maps discovered:
D:1:      dpeg_arrival_simpleton_a, layout_basic
D:2:      layout_rooms, nzn_wu_jian_council_hall, okawaru_ov_weapons_minmay
D:3:      layout_basic, nicolae_overflow_hidden_temple, minitemple,
          serial_bayou_pond_c, uniq_natasha, uniq_ijyb, uniq_jessica

Skill      XL: |  1  2 |
---------------+-------+-----
Staves         | 4 |  4.7
Fighting       | |  2.0
Throwing       | |  2.0
Dodging        | |  3.0

Action                   || total
-------------------------++-------
Melee: Quarterstaff      ||    66
       Tentacles         ||     8
       Constrict         ||    18
Throw: Throwing net      ||     1
Invok: Lunge             ||     2
 Stab: Sleeping          ||    11
Armor: Skin              ||     4
Dodge: Dodged            ||    39
